 Dungeon Crawl Stone Soup version 0.30-a0-967-g9b59a09336 (webtiles) character file.

Game seed: 15096887797184636329

142 Cecky the Sneak (level 5, -4/25 HPs)
             Began as a Spriggan Enchanter on Mar 31, 2023.
             Slain by Pikel
             ... wielding a +2 whip of electrocution
              (20 damage)
             ... on level 3 of the Dungeon.
             The game lasted 00:13:20 (3040 turns).

Cecky the Sneak (Spriggan Enchanter)                Turns: 3040, Time: 00:13:20

Health: -4/25      AC:  5    Str:  4    XL:     5   Next: 4%
Magic:  10/10      EV: 18    Int: 16    God:
Gold:   149        SH:  0    Dex: 24    Spells: 6/9 levels left

rFire   . . .      SeeInvis +    b - +0 short sword (speed)
rCold   . . .      Faith    .    (no shield)
rNeg    . . .      Spirit   .    j - +0 robe
rPois   .          Reflect  .    (helmet restricted)
rElec   .          Rampage  .    i - +2 cloak
rCorr   .                        (gloves unavailable)
Will    +....                    (boots unavailable)
Stlth   ++++                     (no amulet)
HPRegen 0.24/turn                k - ring of willpower
MPRegen 0.12/turn                n - +6 ring of dexterity

@: very quick
A: very small, no large weapons, unfitting armour, see invisible, speed 3
a: no special abilities


You were on level 3 of the Dungeon.
You visited 1 branch of the dungeon, and saw 4 of its levels.

You collected 149 gold pieces.

Inventory:

Hand Weapons
 a - a +1 dagger
 b - a +0 short sword of speed (weapon)
Armour
 i - a +2 cloak (worn)
 j - a +0 robe (worn)
Jewellery
 d - a ring of positive energy
 k - a ring of willpower (left hand)
 n - a +6 ring of dexterity (right hand)
Scrolls
 g - a scroll of enchant weapon
 m - a scroll of teleportation {unknown}
Potions
 c - 2 potions of invisibility
 e - 2 potions of brilliance
 f - a potion of heal wounds


   Skills:
 + Level 0.8 Fighting
 + Level 3.3 Short Blades
 - Level 2.6 Dodging
 + Level 6.3 Stealth
 - Level 2.6 Spellcasting
 + Level 4.4 Hexes


You had 6 spell levels left.
You knew the following spells:

 Your Spells              Type           Power      Damage    Failure   Level
a - Confusing Touch       Hex            16%        N/A       10%         3

Your spell library contained the following spells:

 Spells                   Type           Power      Damage    Failure   Level
 Tukima's Dance           Hex            16%        N/A       10%         3
 Ensorcelled Hibernation  Hex/Ice        18%        N/A       12%         2
 Shock                    Conj/Air       8%         1d3       19%         1
 Dazzling Flash           Conj/Hex       18%        N/A       24%         3
 Swiftness                Air            2%         N/A       50%         3
 Airstrike                Air            1%         2d(1-17)  88%         4


Dungeon Overview and Level Annotations

Branches:
Dungeon (4/15)
 Temple: D:4-7

Altars:
Cheibriados

Annotations:
D:3 Pikel


Innate Abilities, Weirdness & Mutations

You are very small and have problems with some larger weapons.
You are too small for most types of armour.
You have supernaturally acute eyesight. (SInv)
You cover ground extremely quickly. (Speed+++)


Message History

The air fills with toxic fumes!
As you read the scroll of poison, it crumbles to dust.
Really walk into that cloud of poison gas?
You are engulfed in poison gas.
You are poisoned.
You feel very sick. Pikel barely misses you.
There is a stone staircase leading up here.
You feel very sick.
You feel very sick.
You feel very sick.
You feel sick.
You feel sick.
You feel sick.
You feel sick.
You feel sick.
You feel sick.
You feel sick.
You feel sick.
You are no longer poisoned.
You start resting.
Pikel is nearby!
Press: ? - help, v - describe, . - travel A rock wall.
You see here the +1 pair of gloves "Hiryqag" {rF+++ Str-3}.
Pikel says, "Time is money, and you're costing me too much!"
Things that are here:
3 stones; a +0 club
There is an escape hatch in the ceiling here.
Pikel says, "Hell isn't that bad."
Pikel says, "It's all about the gold, really."
You hit Pikel but do no damage. Pikel closely misses you.
You hit Pikel but do no damage. Pikel misses you.
You hit Pikel.
Pikel is lightly wounded.
You closely miss Pikel.
Pikel is lightly wounded.
Pikel hits you with a +2 whip of electrocution!
You are electrocuted!!
Ouch! That really hurt!
You die...

#...~≈≈~≈~~.(...#........##....
#....~~~≈~~.....#......#.......
#....P~~≈~~P..###......#######.
#..P...~~PPPP.# #.....(#### #.
#.....PP....P.# ######....#####
####..###.###.####...###..##...
##......)..#.#.....##'##....
#########.#.#..8..†......8.
#.@.#.....#####....
##K.##...##...##..†
#...##.##.....##.#
#....#.#.......#.#
#....#.#...|...#†#
#....#.#.......#.#
#...##.##.....##.#
##..##...##...##...
#...#.....##)##....


You could see Pikel.

Vanquished Creatures
  An iron imp (D:3)
  Robin (D:2)
  2 adders (D:2)
  A worm (D:3)
  3 dart slugs (D:3)
  An orc (D:3)
  6 ball pythons
  An endoplasm (D:1)
  4 giant cockroaches
  6 hobgoblins
  5 jackals
  6 kobolds
  2 quokkas
  8 bats
  5 frilled lizards
  14 goblins
  5 rats (D:2)
71 creatures vanquished.

Notes
Turn   | Place    | Note
-------+----------+-------------------------------------------
     0 | D:1      | Cecky the Spriggan Enchanter began the quest for the Orb.
     0 | D:1      | Reached XP level 1. HP: 9/9 MP: 5/5
   298 | D:1      | Reached XP level 2. HP: 12/13 MP: 6/6
   981 | D:2      | Reached skill level 5 in Stealth
  1240 | D:2      | Reached XP level 3. HP: 16/16 MP: 8/8
  1315 | D:2      | Noticed Robin
  1337 | D:2      | Learned a level 3 spell: Confusing Touch
  1860 | D:2      | Reached XP level 4. HP: 21/21 MP: 9/9
  1862 | D:2      | Identified the +0 scale mail of Beogh's Esteem {rPois rF+
                  | Regen+}
  2016 | D:2      | Killed Robin
  2333 | D:3      | Identified the +1 pair of gloves "Hiryqag" {rF+++ Str-3}
  2647 | D:3      | Reached skill level 6 in Stealth
  2798 | D:3      | Found a snail-covered altar of Cheibriados.
  2818 | D:3      | Reached XP level 5. HP: 22/25 MP: 10/10
  2849 | D:3      | Found a faded altar of an unknown god.
  2891 | D:4      | Noticed Pikel
  2891 | D:4      | Noticed a lemure
  2891 | D:4      | Noticed a lemure
  2891 | D:4      | Noticed a lemure
  2892 | D:4      | Noticed a lemure
  3040 | D:3      | Slain by Pikel

Illustrated notes

Levels and vault maps discovered:
D:1:      tarquinn_simple_flora_water_b, layout_loops_ring
D:2:      minmay_spotlight, layout_basic, minmay_pentomino_v2, uniq_robin
D:3:      minmay_octagon_keep, layout_rooms, slow_altar_2,
          chequers_ecumenical_altar_simple, guppyfry_early_lair_pool
D:4:      layout_layer_cave, minitemple, minmay_goblin_kobold_house, uniq_pikel

Skill      XL: |  1  2  3  4 |
---------------+-------------+-----
Hexes          | 4 |  4.4
Stealth        | 5 6 |  6.3
Short Blades   | 2 3 |  3.3
Fighting       | |  0.8
Dodging        | |  2.6
Spellcasting   | |  2.6

Action                     |  1- 3 |  4- 6 || total
---------------------------+-------+-------++-------
  Melee: Dagger            |   138 |     9 ||   147
         Short sword       |    54 |   136 ||   190
         Punch             |     1 |     3 ||     4
    Use: Scroll            |       |     5 ||     5
   Stab: Sleeping          |     8 |     9 ||    17
 Armour: Robe              |    17 |    12 ||    29
  Dodge: Dodged            |   128 |    55 ||   183

Table legend: (Time is in decaauts)
 A = Elapsed time spent in this place.
 B = Non-inter-level travel time spent in this place.
 C = Inter-level travel time spent in this place.
 D = Time resting spent in this place.
 E = Time spent auto-exploring this place.
 F = Levels seen in this place.
 G = Mean time per level.
                   A        B        C        D        E       F      G
               +--------+--------+--------+--------+--------+-----+--------+
         Total |   2089 |   2046 |     43 |    299 |    802 |   4 |  522.2 |
       Dungeon |   2089 |   2046 |     43 |    299 |    802 |   4 |  522.2 |
               +--------+--------+--------+--------+--------+-----+--------+

Top non-repeatable levels by time:
     D:2: 895 daAuts
     D:1: 637 daAuts
     D:3: 553 daAuts
     D:4: 1 daAuts
